 Dungeon Crawl Stone Soup version 0.18.1-5-g4a78601 (webtiles) character file.

421 shmeve the Shield-Bearer (level 6, -8/56 HPs)
             Began as a Minotaur Berserker on May 13, 2016.
             Was a Believer of Trog.
             Mangled by an ogre
             ... wielding a +0 giant club
              (12 damage)
             ... on level 4 of the Dungeon.
             The game lasted 00:05:36 (3736 turns).

shmeve the Shield-Bearer (Minotaur Berserker)       Turns: 3736, Time: 00:05:37

Health: -8/56      AC: 12    Str: 22    XL:     6   Next: 62%
Magic:  5/5        EV:  5    Int:  5    God:    Trog [**....]
Gold:   234        SH: 10    Dex: 10    Spells: 0 memorised, 5 levels left

rFire  . . .     SeeInvis .     a - +0 hand axe
rCold  . . .     Gourm    .     r - +0 plate armour (curse)
rNeg   . . .     Faith    .     p - +0 shield
rPois  .         Spirit   .     (helmet restricted)
rElec  .         Dismiss  .     e - +0 cloak
rCorr  .         Reflect  .     (no gloves)
SustAt .         Harm     .     (no boots)
MR     .....                    (no amulet)
Stlth  ..........               (no ring)
                                (no ring)

@: not resistant to hostile enchantments, extremely unstealthy
A: retaliatory headbutt, horns 2
a: Berserk, Trog's Hand, Burn Spellbooks, Renounce Religion


You were on level 4 of the Dungeon.
You worshipped Trog.
Trog was pleased with you.
You were not hungry.

You visited 1 branch of the dungeon, and saw 4 of its levels.

You collected 234 gold pieces.

Inventory:

Hand Weapons
 a - a +0 hand axe (weapon)
Missiles
 o - a throwing net (quivered)
Armour
 e - a +0 cloak (worn)
 p - a +0 shield (worn)
 r - a cursed +0 plate armour (worn)
Scrolls
 b - 2 scrolls of amnesia {unknown}
 d - 6 scrolls of identify {unknown}
 g - 3 scrolls of magic mapping {unknown}
 j - a scroll of enchant weapon {unknown}
 m - a scroll of teleportation {unknown}
 q - 2 scrolls of remove curse {unknown}
Potions
 f - a potion of mutation {unknown}
 i - a potion of flight {unknown}
 k - 3 potions of lignification {unknown}
 l - a potion of brilliance {unknown}
 n - a potion of cure mutation {unknown}
 s - a potion of heal wounds {unknown}
 u - a potion of might {unknown}
Comestibles
 c - 2 bread rations
 h - 4 meat rations
 t - 2 chunks of flesh


   Skills:
 * Level 5.0 Fighting
 * Level 4.5 Axes
 + Level 1.4 Throwing
 + Level 3.4 Armour
 + Level 2.8 Dodging
 * Level 5.6 Shields


You had 5 spell levels left.
You didn't know any spells.

Dungeon Overview and Level Annotations

Branches:
Dungeon (4/15)             Temple (0/1) D:4

Altars:


Innate Abilities, Weirdness & Mutations

You reflexively headbutt those who attack you in melee.
You have a pair of horns on your head.


Message History

An ogre comes into view. It is wielding a giant club.
The ogre shouts!
An ogre is nearby!
You block the ogre's attack.
You hit the ogre.
The ogre is lightly wounded.
The ogre hits you with a giant club.
You hit the ogre but do no damage.
The ogre is lightly wounded.
The ogre hits you with a giant club!!
You completely miss the ogre.
The ogre is lightly wounded.
The ogre hits you with a giant club!!
* * * LOW HITPOINT WARNING * * *
You hit the ogre. Your headbutt misses the ogre.
The ogre is moderately wounded.
You slash the ogre! You headbutt the ogre!
The ogre is almost dead.
The ogre hits you with a giant club!
You die...

#........ #.###...##
#...(.... ####........#
#........ #...........#
##.......
.........8.8####........
.......%..........#####.
..........8.8...... ##
#........O....#
.........@.8.8#
#.............#
#.............#
#.............#
#............#
#.......#...##
####...###### #..## #.†#


You could see an ogre.

Vanquished Creatures
  An ogre (D:4)
  A scorpion (D:4)
  A howler monkey (D:4)
  Natasha (D:4)
  An iguana (D:4)
  2 worker ants (D:4)
  6 gnolls
  2 adders
  An adder skeleton (D:4)
  A worm (D:2)
  A dart slug (D:2)
  A giant gecko (D:2)
  8 bats
  4 giant cockroaches
  9 goblins
  9 hobgoblins
  5 jackals
  8 kobolds
  A quokka (D:2)
  2 giant newts
  8 rats
  A fungus (D:1)
74 creatures vanquished.

Notes
Turn   | Place    | Note
--------------------------------------------------------------
     0 | D:1      | shmeve the Minotaur Berserker began the quest for the Orb.
     0 | D:1      | Reached XP level 1. HP: 19/19 MP: 0/0
   193 | D:1      | Reached XP level 2. HP: 17/27 MP: 1/1
   487 | D:1      | Reached skill level 1 in Throwing
  1100 | D:2      | Reached ** piety under Trog
  1100 | D:2      | Reached XP level 3. HP: 33/33 MP: 2/2
  1262 | D:2      | Reached XP level 4. HP: 4/41 MP: 3/3
  2194 | D:2      | Reached skill level 1 in Shields
  3271 | D:4      | Reached XP level 5. HP: 41/47 MP: 4/4
  3342 | D:4      | Noticed an ogre
  3350 | D:4      | Killed an ogre
  3396 | D:4      | Reached skill level 5 in Shields
  3402 | D:4      | Reached XP level 6. HP: 45/53 MP: 5/5
  3407 | D:4      | Found a staircase to the Ecumenical Temple.
  3629 | D:4      | Noticed Natasha
  3638 | D:4      | Killed Natasha
  3722 | D:4      | Reached skill level 5 in Fighting
  3736 | D:4      | Mangled by an ogre

Skill      XL: |  1  2  3  4  5  6 |
---------------+-------------------+-----
Throwing       | 1 |  1.4
Fighting       | 4 5 |  5.0
Axes           | 4 |  4.5
Armour         | 3 |  3.4
Shields        | 3 5 |  5.6
Dodging        | |  2.8

Action                   |  1- 3 |  4- 6 || total
-------------------------+-------+-------++-------
Melee: Hand axe          |    80 |   125 ||   205
       Headbutt          |    16 |    20 ||    36
Throw: Throwing net      |       |     1 ||     1
Invok: Berserk           |     1 |       ||     1
       Burn Spellbooks   |       |     1 ||     1
       Trog's Hand       |       |     1 ||     1
 Stab: Sleeping          |       |     1 ||     1
  Eat: Chunk             |     2 |     8 ||    10
Armor: Animal skin       |    19 |     7 ||    26
       Plate armour      |       |    75 ||    75
Dodge: Dodged            |    43 |    53 ||    96
Block: Shield            |       |    17 ||    17
